 Dungeon Crawl Stone Soup version 0.17.0-23-g0de4337 (webtiles) character file.

71 JudasIscariot the Sneak (level 4, -1/36 HPs)
             Began as a Naga Enchanter on Nov 13, 2015.
             Slain by a scorpion (3 damage)
             ... on level 3 of the Dungeon.
             The game lasted 00:10:03 (1770 turns).

JudasIscariot the Sneak (Naga Enchanter)            Turns: 1770, Time: 00:10:03

Health: -1/36      AC:  4    Str: 14    XL:     4   Next: 24%
Magic:  2/7        EV: 10    Int: 16    God:
Gold:   85         SH:  0    Dex: 11    Spells: 3 memorised, 2 levels left

rFire  . . .     SeeInvis +     m - +0 short sword
rCold  . . .     Clarity  .     b - +2 robe
rNeg   . . .     SustAt   .     (no shield)
rPois  +         Gourm    .     (no helmet)
rElec  .         Spirit   .     (no cloak)
rCorr  .         Warding  .     (no gloves)
rMut   .         Stasis   .     (no barding)
MR     .....                    (no amulet)
Stlth  +++.......               (no ring)
                                k - +3 ring of strength

@: very slightly contaminated, very slow, not resistant to hostile enchantments,
fairly stealthy
A: see invisible, deformed body, poison resistance, slowness 2, slow metabolism
1, spit poison 2, AC +1
a: Spit Poison


You were on level 3 of the Dungeon.
You were not hungry.

You visited 1 branch of the dungeon, and saw 3 of its levels.

You collected 85 gold pieces.

Inventory:

Hand Weapons
 a - a +1 dagger
 m - a +0 short sword (weapon)
 u - a +0 hand crossbow
Missiles
 o - 7 curare-tipped needles
 q - 14 poisoned needles
Armour
 b - a +2 robe (worn)
Jewellery
 k - a +3 ring of strength (left hand)
 t - a +1 ring of evasion {unknown}
Scrolls
 f - a scroll of magic mapping {unknown}
 h - 3 scrolls of remove curse
 i - a scroll of enchant weapon {unknown}
 j - a scroll of teleportation {unknown}
 l - a scroll of amnesia
 n - 2 scrolls of enchant armour
 p - a scroll of identify {unknown}
 r - a scroll of noise {unknown}
Potions
 e - a potion of invisibility {unknown}
 w - 2 potions of curing {unknown}
Books
 c - a book of Maledictions

   Spells                             Type                      Level
   a - Corona                         Hexes                        1
   b - Ensorcelled Hibernation        Hexes/Ice                    2
   c - Confuse                        Hexes                        3
   d - Tukima's Dance                 Hexes                        3
   e - Dazzling Spray                 Conjuration/Hexes            3
Comestibles
 d - a bread ration
 g - 2 fruits
 s - a chunk of flesh
 v - a meat ration
 x - a beef jerky


   Skills:
 + Level 0.2 Fighting
 * Level 1.4 Short Blades
 * Level 1.5 Dodging
 * Level 6.0 Stealth
 * Level 2.6 Spellcasting
 * Level 3.3 Hexes
 + Level 0.6 Ice Magic


You had 2 spell levels left.
You knew the following spells:

 Your Spells              Type           Power        Failure   Level  Hunger
a - Corona                Hex            ##.....      8%          1    #......
b - Ensorcelled Hibernat  Hex/Ice        #.....       14%         2    ##.....
c - Tukima's Dance        Hex            ##......     17%         3    ###....


Dungeon Overview and Level Annotations

Branches:
Dungeon (3/15)

Altars:


Innate Abilities, Weirdness & Mutations

You cannot wear boots.
Your serpentine skin is tough (AC +1).
You have supernaturally acute eyesight.
Armour fits poorly on your strangely shaped body.
Your system is resistant to poisons.
You cover ground very slowly.
You have a slow metabolism.
You can spit poison.


Message History

The scorpion stings you.
* * * LOW HITPOINT WARNING * * *
You completely miss the scorpion.
The scorpion is severely wounded.
The scorpion barely misses you.
You closely miss the scorpion.
The scorpion is severely wounded.
The scorpion stings you.
* * * LOW HITPOINT WARNING * * *
You closely miss the scorpion.
The scorpion is severely wounded.
The scorpion stings you but does no damage.
You hit the scorpion.
The scorpion is almost dead.
The scorpion stings you.
* * * LOW HITPOINT WARNING * * *
You hit the scorpion but do no damage.
The scorpion is almost dead.
The scorpion stings you.
You die...

#....# #....#
#....# #....#
#....# #....#
#..s(######
#.(@(.....#
#.....8...#
##...8.8..#
###.8._.8.#
#....8.8..##
#.....8....##
#...........#
#......##.#.
#......# .#


You could see a scorpion.

Vanquished Creatures
  3 adders
  A worm (D:2)
  A ball python (D:2)
  2 giant cockroaches
  5 hobgoblins
  9 bats (D:1)
  2 giant newts (D:1)
  7 goblins
  7 kobolds
  6 rats
43 creatures vanquished.

Notes
Turn   | Place    | Note
--------------------------------------------------------------
     0 | D:1      | JudasIscariot the Naga Enchanter began the quest for the Orb.
     0 | D:1      | Reached XP level 1. HP: 15/15 MP: 3/3
   315 | D:1      | Reached XP level 2. HP: 19/22 MP: 3/5
   379 | D:1      | Learned a level 2 spell: Ensorcelled Hibernation
   484 | D:1      | Reached skill level 5 in Stealth
  1095 | D:1      | Reached XP level 3. HP: 28/28 MP: 3/6
  1535 | D:2      | Learned a level 3 spell: Tukima's Dance
  1557 | D:2      | Reached XP level 4. HP: 34/36 MP: 4/7
  1739 | D:3      | Found a faded altar to an unknown god.
  1758 | D:3      | Reached skill level 6 in Stealth
  1770 | D:3      | Slain by a scorpion

Action                   |  1- 3 |  4- 6 || total
-------------------------+-------+-------++-------
Melee: Dagger            |    26 |       ||    26
       Short sword       |    58 |    20 ||    78
 Cast: Corona            |     6 |       ||     6
       Ensorcelled Hiber |    13 |     4 ||    17
  Use: Scroll            |     3 |       ||     3
 Stab: Sleeping          |    22 |     4 ||    26
       Distracted        |     1 |       ||     1
  Eat: Chunk             |     2 |     1 ||     3
